 Dungeon Crawl Stone Soup version 0.30-a0-718-geaa24f58ff (webtiles) character file.

Game seed: 3211699306457264866

465 hikkokomori the Shield-Bearer (level 7, -10/37 HPs)
             Began as a Vine Stalker Fighter on Jan 26, 2023.
             Mangled by an ogre
             ... wielding a +0 giant spiked club
              (15 damage)
             ... on level 4 of the Dungeon.
             The game lasted 00:03:25 (2691 turns).

hikkokomori the Shield-Bearer (VSFi)                Turns: 2691, Time: 00:03:26

Health: -10/37     AC:  8    Str: 20    XL:     7   Next: 8%
Magic:  0/8        EV:  9    Int:  8    God:
Gold:   175        SH:  7    Dex: 14    Spells: 6/6 levels left

rFire   . . .      SeeInvis +    a - +0 rapier
rCold   . . .      Faith    .    t - +2 buckler
rNeg    . . .      Spirit   +    b - +0 scale mail
rPois   +          Reflect  .    (no helmet)
rElec   .          Harm     .    (no cloak)
rCorr   .          Rampage  .    (no gloves)
Will    .....                    q - +0 pair of boots Stlth
                                 (no amulet)
HPRegen 1.06/turn                k - ring of see invisible
MPRegen 0.11/turn                m - ring of poison resistance

@: studying Necromancy
A: fangs 2, regeneration 1, magic shield, antimagic bite, no potion heal 2
a: no special abilities


You were on level 4 of the Dungeon.
You visited 1 branch of the dungeon, and saw 4 of its levels.

You collected 175 gold pieces.

Inventory:

Hand Weapons
 a - a +0 rapier (weapon)
Armour
 b - a +0 scale mail (worn)
 q - a +0 pair of boots (worn)
 t - a +2 buckler (worn)
Jewellery
 k - a ring of see invisible (left hand)
 m - a ring of poison resistance (right hand)
Scrolls
 e - 3 scrolls of identify {unknown}
 f - 2 scrolls of teleportation {unknown}
 g - a scroll of vulnerability {unknown}
 j - 2 scrolls of fear {unknown}
 n - 2 scrolls of magic mapping {unknown}
Potions
 d - a potion of might
 h - 2 potions of magic {unknown}
 i - a potion of brilliance {unknown}
 l - a potion of attraction {unknown}
 o - a potion of mutation {unknown}
 p - a potion of flight {unknown}
 r - a potion of haste {unknown}
 s - a potion of curing {unknown}


   Skills:
 + Level 4.2 Fighting
 + Level 3.6 Short Blades
 + Level 3.8 Armour
 + Level 4.2 Shields


You had 6 spell levels left.
You didn't know any spells.
Your spell library was empty.

Dungeon Overview and Level Annotations

Branches:
Dungeon (4/15)
 Temple: D:4-7

Altars:
Gozag
Hepliaklqana


Innate Abilities, Weirdness & Mutations

You have extremely sharp teeth.
Your natural rate of healing is unusually fast.
When hurt, damage is shared between your health and your magic reserves.
Your bite disrupts and absorbs the magic of your enemies.
Potions cannot restore your health.


Message History

You barely miss the endoplasm. You bite the endoplasm. You drain its power.
The endoplasm is moderately wounded.
You block the endoplasm's attack.
You hit the endoplasm but do no damage. You bite the endoplasm.
You kill the endoplasm!
Your library has no spells.
You now have 156 gold pieces (gained 7).
You now have 165 gold pieces (gained 9).
You now have 175 gold pieces (gained 10).
An ogre comes into view. It is wielding a +0 giant spiked club.
The ogre shouts!
An ogre is nearby!
An ogre is nearby!
You block the ogre's attack.
You hit the ogre.
The ogre is lightly wounded.
The ogre hits you with a +0 giant spiked club!!
You hit the ogre. Your bite misses the ogre.
The ogre is moderately wounded.
You hit the ogre but do no damage. You bite the ogre! You drain its power.
You feel invigorated.
The ogre is severely wounded.
The ogre barely misses you.
You hit the ogre.
The ogre is almost dead.
The ogre hits you with a +0 giant spiked club!!
Ouch! That really hurt!
* * * LOW HITPOINT WARNING * * *
You are too injured to fight recklessly!
You are too injured to fight recklessly!
You are too injured to fight recklessly!
An ogre is nearby!
An ogre is nearby!
Unknown command.
You hit the ogre.
The ogre is almost dead.
You barely miss the ogre.
The ogre is almost dead.
The ogre hits you with a +0 giant spiked club!
You die...

...#.... ... ... . ......... ##.
.. .. ..###..#..... ...###..
.###.....###.... .#
.....#..###..#.......#..### .#
.........#...............#. .#.#
.....#.........#.....#......
.#.###...##.........##...##......
.#.##.....#.....@O..#.....#......
...............#...............#.
..##.......#..###..#.......#..###
..###.....###.....###.....###....
..##..###..#.......#..###..#.....
.......#...............#.........
###.........#.....#.........#....
#.........##...##.........##...
###.........#.....#.........#....


You could see an ogre.

Vanquished Creatures
  Sigmund (D:2)
  A black bear (D:4)
  A phantom (D:4)
  A hound (D:4)
  An iguana (D:4)
  2 adders
  3 dart slugs
  9 bats
  8 endoplasms
  2 giant cockroaches
  9 goblins
  3 hobgoblins
  6 kobolds
  3 quokkas (D:1)
  9 ball pythons
  2 frilled lizards
  10 rats
  A spectral goblin (D:4)
72 creatures vanquished.

Notes
Turn   | Place    | Note
-------+----------+-------------------------------------------
     0 | D:1      | hikkokomori the Vine Stalker Fighter began the quest for
                  | the Orb.
     0 | D:1      | Reached XP level 1. HP: 11/11 MP: 2/2
   118 | D:1      | Reached XP level 2. HP: 5/16 MP: 0/3
   551 | D:1      | Reached XP level 3. HP: 17/20 MP: 2/4
  1170 | D:2      | Found an opulent altar of Gozag.
  1253 | D:2      | Noticed Sigmund
  1271 | D:2      | Killed Sigmund
  1272 | D:2      | Gained mutation: Your natural rate of healing is unusually
                  | fast. [Vine Stalker growth]
  1272 | D:2      | Reached XP level 4. HP: 15/25 MP: 5/5
  1272 | D:2      | Reached XP level 5. HP: 18/29 MP: 6/6
  1610 | D:2      | Found a faded altar of an unknown god.
  1794 | D:3      | Reached XP level 6. HP: 33/33 MP: 7/7
  2278 | D:4      | Noticed a black bear
  2289 | D:4      | Killed a black bear
  2366 | D:4      | Found a hazy altar of Hepliaklqana.
  2585 | D:4      | Noticed a black bear
  2640 | D:4      | Reached XP level 7. HP: 37/37 MP: 8/8
  2691 | D:4      | Mangled by an ogre

Illustrated notes

Levels and vault maps discovered:
D:1:      dpeg_arrival_orchard, layout_basic
D:2:      layout_loops_ring, basic_altar, hellmonk_ecumenical_altar_zigzags,
          minmay_rat_gold_closets, uniq_sigmund
D:3:      layout_loops_ring
D:4:      nicolae_cairo_tiling_large_dashed, layout_basic,
          nicolae_hepliaklqana_monster_ancestors

Skill      XL: |  1  2  3  4  5  6 |
---------------+-------------------+-----
Short Blades   | 2 3 |  3.6
Shields        | 3 4 |  4.2
Fighting       | 3 4 |  4.2
Armour         | 3 |  3.8

Action                     |  1- 3 |  4- 6 |  7- 9 || total
---------------------------+-------+-------+-------++-------
  Melee: Rapier            |   117 |    96 |     8 ||   221
         Bite              |    32 |    31 |     3 ||    66
 Armour: Scale mail        |    60 |    24 |       ||    84
  Dodge: Dodged            |    49 |    46 |     1 ||    96
  Block: Buckler           |    26 |    25 |     2 ||    53

Table legend: (Time is in decaauts)
 A = Elapsed time spent in this place.
 B = Non-inter-level travel time spent in this place.
 C = Inter-level travel time spent in this place.
 D = Time resting spent in this place.
 E = Time spent auto-exploring this place.
 F = Levels seen in this place.
 G = Mean time per level.
                   A        B        C        D        E       F      G
               +--------+--------+--------+--------+--------+-----+--------+
         Total |   2713 |   2656 |     57 |      0 |   2168 |   4 |  678.2 |
       Dungeon |   2713 |   2656 |     57 |      0 |   2168 |   4 |  678.2 |
               +--------+--------+--------+--------+--------+-----+--------+

Top non-repeatable levels by time:
     D:1: 1070 daAuts
     D:2: 704 daAuts
     D:3: 502 daAuts
     D:4: 435 daAuts
